 Dungeon Crawl Stone Soup version 0.24.0-13-gcf9b319 (webtiles) character file.

Game seed: 5078645540546632461, levelgen mode: deterministic

8661 talyn the Cleaver (level 11, -9/77 HPs)
             Began as a Demonspawn Berserker on Nov 11, 2019.
             Was an Elder of Trog.
             Mangled by a water elemental (15 damage)
             ... on level 10 of the Dungeon.
             The game lasted 00:35:53 (11214 turns).

talyn the Cleaver (Demonspawn Berserker)           Turns: 11214, Time: 00:35:53

Health: -9/77      AC: 19    Str: 20    XL:     11   Next: 12%
Magic:  0/11       EV:  9    Int: 11    God:    Trog [****..]
Gold:   558        SH: 10    Dex: 14    Spells: 10/10 levels left

rFire    . . .     SeeInvis .   a - +2 war axe
rCold    + + .     Gourm    +   b - +0 shield
rNeg     + . .     Faith    .   z - +4 chain mail {rC+}
rPois    .         Spirit   +   (helmet restricted)
rElec    .         Reflect  .   (no cloak)
rCorr    .         Harm     .   m - +0 pair of gloves
MR       ++...                  (no boots)
Stlth    ..........             v - amulet of the gourmand
HPRegen  1.22/turn              g - +3 ring of intelligence
MPRegen  0.12/turn              p - ring of positive energy

@: engulfed (cannot breathe), regenerating, lightly drained
A: antennae 1, icy blue scales 3, magic shield
a: Berserk, Trog's Hand, Brothers in Arms, Renounce Religion


You were on level 10 of the Dungeon.
You worshipped Trog.
Trog was greatly pleased with you.
You were very full.

You visited 1 branch of the dungeon, and saw 10 of its levels.
You also visited: Sewer.

You collected 600 gold pieces.
You spent 42 gold pieces at shops.

Inventory:

Hand Weapons
 a - a +2 war axe (weapon)
Missiles
 w - 3 boomerangs (quivered)
Armour
 b - a +0 shield (worn)
 m - a +0 pair of gloves (worn)
 z - a +4 chain mail of cold resistance (worn)
Jewellery
 g - a +3 ring of intelligence (left hand)
 p - a ring of positive energy (right hand)
 v - an amulet of the gourmand (around neck)
Wands
 y - a wand of iceblast (8)
 A - a wand of disintegration (6)
 C - a wand of paralysis (14)
Scrolls
 e - a scroll of fog
 h - 8 scrolls of remove curse
 i - 8 scrolls of teleportation
 n - 4 scrolls of magic mapping
 u - a scroll of fear
 x - 2 scrolls of identify
Potions
 d - 3 potions of mutation
 f - 4 potions of curing
 j - 4 potions of flight
 k - 2 potions of invisibility
 l - 3 potions of heal wounds
 o - 2 potions of agility {unknown}
 q - 4 potions of lignification
 r - a potion of might
 s - 4 potions of haste
 t - 4 potions of brilliance
 B - a potion of magic
Comestibles
 c - 18 rations


   Skills:
 - Level 4.0(3.9) Fighting
 * Level 11.3(11.2) Axes
 - Level 4.0(3.9) Throwing
 + Level 5.2(5.1) Armour
 - Level 6.1(6.0) Dodging
 + Level 6.7(6.5) Shields
 * Level 0.4(0.3) Evocations


You had 10 spell levels left.
You didn't know any spells.
Your spell library was empty.

Dungeon Overview and Level Annotations

Branches:
Dungeon (10/15)            Temple (0/1) D:5            Lair (0/6) D:8
    Orc (0/2) D:10          Sewer (visited)

Altars:
Elyvilon
Fedhas
Hepliaklqana
Kikubaaqudgha
Okawaru
Sif Muna
Uskayaw
Vehumet
Wu Jian
Xom
Yredelemnul
Zin
The Shining One

Shops:
D:5 !   D:9 :


Innate Abilities, Weirdness & Mutations

You have a pair of small antennae on your head.
You are completely covered in icy blue scales. (AC +4, rC+)
When hurt, damage is shared between your health and your magic reserves.


Message History

You slash the water elemental!
The water elemental is heavily damaged.
Your lungs strain for air!
You block the water elemental's attack.
You hit the water elemental but do no damage.
The water elemental is heavily damaged.
Your lungs strain for air!
You block the water elemental's attack.
You slash the water elemental!
The water elemental is severely damaged.
* * * LOW HITPOINT WARNING * * *
Your lungs strain for air!
The water elemental hits you!
* * * LOW HITPOINT WARNING * * *
You barely miss the water elemental.
The water elemental is severely damaged.
* * * LOW HITPOINT WARNING * * *
Your lungs strain for air!
The water elemental hits you!
You die...

.....# #.# ##..##.#...### <..###
#.# #.#........... #.## #.#
##.##)##.##### #.# ##.##
##.#)#.## #.# #...## ##)).## #'##
##...# #####.##### ...## #...#
#.........# # ....## ####...#
#.###.###.# ## .....## ##.##..@#
#.# #..##.###.
......####.##..E..##.###...#.##..
......'....#.......#..........+..
......######......†#####...#.##..
.....## #.≈†≈≈.≈≈.#........###.
....## #≈†≈≈≈≈≈≈≈#####.#### ##
...## #≈≈≈≈≈≈≈≈≈# #.# # #'##
##≈≈≈≈≈≈≈## #.# ## #.# #.# #.


You could see a water elemental.

Vanquished Creatures
  Harold (D:7)
  2 two-headed ogres
  A gargoyle (D:9)
  A komodo dragon (D:8)
  A hornet (D:9)
  A hippogriff (D:8)
  A water elemental (D:10)
  2 wraiths (D:7)
  3 yaks (D:9)
  A spriggan (D:7)
  2 hungry ghosts (D:10)
  Duvessa (D:4)
  A black bear (D:9)
  2 ice beasts
  2 orc warriors
  3 phantoms
  An ogre (D:4)
  2 sky beasts
  2 necrophages (D:9)
  3 centaurs (D:5)
  5 big kobolds (Sewer)
  8 bullfrogs
  Dowan (D:4)
  3 scorpions
  2 howler monkeys
  4 wights (D:10)
  4 jellies
  A crimson imp (D:7)
  A bullfrog zombie (D:5)
  A gnoll shaman (D:4)
  7 hounds
  A human zombie (D:7)
  8 orc wizards
  A bullfrog skeleton (D:8)
  A centaur skeleton (D:4)
  3 orc priests (D:6)
  An iguana (D:9)
  Natasha (thrice) (D:3)
  2 human skeletons (D:7)
  8 worker ants
  3 ogre zombies (D:7)
  3 hound zombies
  2 mummies (D:7)
  4 worker ant zombies
  10 gnolls
  9 adders
  A shadow imp (D:5)
  2 oozes
  2 adder zombies
  4 adder skeletons
  2 worms
  2 dart slugs
  8 leopard geckos
  32 orcs
  6 bats
  8 giant cockroaches
  3 hobgoblins
  14 jackals
  4 quokkas
  3 ball pythons (Sewer)
  8 frilled lizards
  6 goblins
  18 kobolds
  A leopard gecko skeleton (D:6)
  2 orc zombies (D:7)
  A quokka skeleton (D:8)
  12 rats
268 creatures vanquished.

Vanquished Creatures (others)
  A kobold (D:2)
  4 plants (D:8)
5 creatures vanquished.

Grand Total: 273 creatures vanquished

Notes
Turn   | Place    | Note
-------+----------+-------------------------------------------
     0 | D:1      | talyn the Demonspawn Berserker began the quest for the Orb.
     0 | D:1      | Reached XP level 1. HP: 18/18 MP: 1/1
    38 | D:1      | Reached skill level 3 in Axes
   267 | D:1      | Gained mutation: You are partially covered in icy blue
                  | scales. (AC +2) [demonic ancestry]
   267 | D:1      | Reached XP level 2. HP: 22/24 MP: 2/2
  1221 | D:2      | Gained mutation: When hurt, damage is shared between your
                  | health and your magic reserves. [demonic ancestry]
  1221 | D:2      | Reached XP level 3. HP: 20/29 MP: 3/3
  1552 | D:2      | Found a radiant altar of Vehumet.
  1652 | D:2      | Reached ** piety under Trog
  2129 | D:3      | Noticed Natasha
  2138 | D:3      | Killed Natasha
  2138 | D:3      | Reached skill level 4 in Axes
  2138 | D:3      | Reached XP level 4. HP: 29/37 MP: 2/4
  2228 | D:3      | You fall into a shaft and drop 1 floor!
  2253 | D:3      | Reached skill level 1 in Throwing
  2353 | D:3      | Reached XP level 5. HP: 32/42 MP: 5/5
  2416 | D:3      | Noticed Natasha
  2426 | D:3      | Killed Natasha
  2590 | D:3      | Noticed Natasha
  2599 | D:3      | Killed Natasha
  2713 | D:3      | Found a glowing drain.
  2722 | Sewer    | Entered a sewer
  2825 | Sewer    | Reached skill level 5 in Axes
  2825 | Sewer    | Gained mutation: You are mostly covered in icy blue scales.
                  | (AC +3) [demonic ancestry]
  2825 | Sewer    | Reached XP level 6. HP: 48/48 MP: 6/6
  3010 | Sewer    | Reached skill level 6 in Axes
  3010 | Sewer    | Reached XP level 7. HP: 54/54 MP: 7/7
  3104 | Sewer    | Reached *** piety under Trog
  3157 | D:3      | Found a glowing golden altar of the Shining One.
  3350 | D:3      | Found a glowing silver altar of Zin.
  4072 | D:4      | Reached skill level 1 in Shields
  4193 | D:4      | Noticed Duvessa
  4193 | D:4      | Noticed Dowan
  4203 | D:4      | Killed Duvessa
  4203 | D:4      | Reached XP level 8. HP: 32/60 MP: 4/8
  4207 | D:4      | Killed Dowan
  4729 | D:5      | Entered Level 5 of the Dungeon
  4832 | D:5      | Reached skill level 7 in Axes
  5171 | D:5      | Found Rimmaar's Distillery.
  5187 | D:5      | Bought a potion of curing for 42 gold pieces
  5189 | D:5      | Found a staircase to the Ecumenical Temple.
  5255 | D:5      | Reached **** piety under Trog
  6160 | D:6      | Gained mutation: You have a pair of small antennae on your
                  | head. [demonic ancestry]
  6160 | D:6      | Reached XP level 9. HP: 52/65 MP: 6/9
  6235 | D:6      | Reached skill level 8 in Axes
  6327 | D:6      | Received a gift from Trog
  7303 | D:7      | Found a hide-covered altar of Uskayaw.
  7303 | D:7      | Found a shimmering blue altar of Sif Muna.
  7307 | D:7      | Found a blossoming altar of Fedhas.
  7308 | D:7      | Found a shimmering altar of Xom.
  7308 | D:7      | Found an ornate altar of the Wu Jian Council.
  7308 | D:7      | Noticed Harold
  7325 | D:7      | Killed Harold
  7325 | D:7      | Reached skill level 9 in Axes
  7325 | D:7      | Reached skill level 5 in Dodging
  7445 | D:7      | HP: 3/65 [something/puff of flame (9)]
  7528 | D:7      | Found an iron altar of Okawaru.
  7634 | D:7      | Found an ancient bone altar of Kikubaaqudgha.
  7891 | D:7      | Reached XP level 10. HP: 69/71 MP: 8/10
  8173 | D:7      | Reached skill level 5 in Shields
  8348 | D:7      | Found a hazy altar of Hepliaklqana.
  8632 | D:8      | Noticed a two-headed ogre
  8645 | D:8      | Killed a two-headed ogre
  8645 | D:8      | Reached skill level 10 in Axes
  8794 | D:8      | Found a white marble altar of Elyvilon.
  8935 | D:8      | Found a staircase to the Lair.
  9417 | D:8      | Found a basalt altar of Yredelemnul.
  9726 | D:9      | Noticed a gargoyle
  9740 | D:9      | Killed a gargoyle
 10038 | D:9      | Noticed a two-headed ogre
 10047 | D:9      | Killed a two-headed ogre
 10047 | D:9      | Reached skill level 11 in Axes
 10190 | D:9      | Reached skill level 5 in Armour
 10190 | D:9      | Gained mutation: You are completely covered in icy blue
                  | scales. (AC +4, rC+) [demonic ancestry]
 10190 | D:9      | Reached XP level 11. HP: 77/77 MP: 11/11
 10329 | D:9      | Found Tailesch's Book Boutique.
 10419 | D:10     | Entered Level 10 of the Dungeon
 10945 | D:10     | Found a staircase to the Orcish Mines.
 11214 | D:10     | Mangled by a water elemental

Levels and vault maps discovered:
D:1:      onia_arrival_pentagram, layout_basic
D:2:      layout_basic, fiery_altar_vehumet
D:3:      layout_rooms, nicolae_tso_swordbearing_angel, zin_treasury,
          cheibrodos_sewer_entry_drain, uniq_natasha
D:4:      layout_loops_corners, uniq_duvessa
D:5:      layout_rooms, minmay_temple_entry_overgrown, first_ration,
          serial_shops, shop, grunt_ministairs_15,
          corexii_item_surrounded_by_moat
D:6:      layout_rooms, serial_bayou, serial_bayou_pond_e, serial_bayou_pond_b,
          serial_bayou_pond_c, serial_bayou_shore_b
D:7:      layout_rooms, lemuel_coloured_pillars_altar,
          grunt_temple_overflow_open, the_bakery,
          lemuel_mausoleum_altar_kikubaaqudgha, uniq_harold
D:8:      layout_rooms, kennysheep_ying_yang, david_lair_shrubbed
D:9:      layout_roguey, serial_shops, nicolae_shop_waterfront
D:10:     layout_loops_corners, orc_0_dummy, nicolae_underground_beach,
          uniq_maurice

Skill      XL: |  1  2  3  4  5  6  7  8  9 10 |
---------------+-------------------------------+-----
Axes           | 3 4 5 6 7 9 11 | 11.3
Throwing       | 1 2 3 4 |  4.0
Fighting       | 4 |  4.0
Dodging        | 3 4 5 6 |  6.1
Shields        | 1 3 4 6 |  6.7
Armour         | 3 4 5 |  5.2
Evocations     | |  0.4

Action                   |  1- 3 |  4- 6 |  7- 9 | 10-12 || total
-------------------------+-------+-------+-------+-------++-------
Melee: Hand axe          |   125 |   112 |    54 |       ||   291
       War axe           |       |       |   380 |   341 ||   721
Throw: Dart              |    16 |     2 |    64 |    42 ||   124
       Javelin           |       |       |    10 |       ||    10
       Boomerang         |       |       |       |    69 ||    69
Invok: Berserk           |     1 |     3 |     3 |     4 ||    11
       Trog's Hand       |       |       |     5 |     5 ||    10
  Use: Scroll            |     8 |       |    15 |     2 ||    25
       Potion            |       |       |     4 |     1 ||     5
 Stab: Sleeping          |       |       |       |     1 ||     1
  Eat: Chunk             |     4 |     2 |    13 |    35 ||    54
       Ration            |     1 |       |     4 |       ||     5
Armor: Animal skin       |    37 |    11 |       |       ||    48
       Leather armour    |       |     9 |   103 |    20 ||   132
       Chain mail        |       |       |       |    68 ||    68
Dodge: Dodged            |    93 |    63 |   192 |    85 ||   433
Block: Shield            |       |       |   166 |   124 ||   290
